 Dungeon Crawl Stone Soup version 0.28-a0-312-gbced6e68ee (webtiles) character file.

Game seed: 15487568610965060196

19811 PentaManta the Fighter (level 12, 0/126 HPs)
             Began as a Merfolk Transmuter on Aug 31, 2021.
             Was a Priest of Dithmenos.
             Hit by a silver javelin thrown by a minotaur (9 damage)
             ... in a Gauntlet.
             The game lasted 00:47:49 (17245 turns).

PentaManta the Fighter (Merfolk Transmuter)        Turns: 17245, Time: 00:47:53

Health: 0/126      AC: 12    Str: 11    XL:     12   Next: 72%
Magic:  13/15      EV: 16    Int: 19    God:    Dithmenos [***...]
Gold:   1425       SH:  5    Dex: 15    Spells: 6/15 levels left

rFire   x . .      SeeInvis .     - Unarmed
rCold   + + +      Faith    .   (shield currently unavailable)
rNeg    . . .      Spirit   .   (armour currently unavailable)
rPois   +          Reflect  +   (helmet currently unavailable)
rElec   .          Harm     .   (cloak currently unavailable)
rCorr   .          Rampage  .   (gloves currently unavailable)
Will    .....      NoTele   +   (boots currently unavailable)
Stlth   ++........              n - amulet of reflection
HPRegen 0.31/turn               S - ring of wizardry
MPRegen 0.14/turn               T - ring of Dalys {rPois AC+4 Int+3}

@: ice-form, wreathed by umbra, studying Maces & Flails
A: freezing attack, boosted hp, large, (nimble swimmer 2), (mertail)
a: End Transformation, Renounce Religion, Shadow Step


You were in a Gauntlet.
You worshipped Dithmenos.
Dithmenos was most pleased with you.
You were a creature of crystalline ice.
You visited 3 branches of the dungeon, and saw 14 of its levels.
You also visited: Ossuary, Bailey and Gauntlet.

You collected 1425 gold pieces.

Inventory:

Missiles
 i - 36 boomerangs
 k - 75 poisoned darts
 s - 5 throwing nets
Armour
 a - a +0 robe
 b - a +1 pair of gloves (melded)
 e - a +0 pair of boots (melded)
 h - a +3 leather armour of cold resistance
 o - a +3 chain mail of cold resistance
 u - a +2 buckler
 y - a +2 helmet (melded)
 C - a +0 cloak (melded)
 M - a +0 troll leather armour (melded)
Jewellery
 j - a ring of flight
 m - a ring of protection from fire
 n - an amulet of reflection (around neck)
 A - an amulet of regeneration
 K - a +6 ring of strength
 Q - a +6 ring of strength
 R - the amulet "Koowafek" {RegenMP rN+ Dex+4}
   (You found it in a Gauntlet)

   [amulet of magic regeneration]

   It increases your rate of magic regeneration.
   Dex:       It affects your dexterity (+4).
   rN:        It protects you from negative energy.
 S - a ring of wizardry (left front paw)
 T - the ring of Dalys (right front paw) {rPois AC+4 Int+3}
   (You found it in a Gauntlet)

   [ring of protection]

   AC:        It affects your AC (+4).
   Int:       It affects your intelligence (+3).
   rPois:     It protects you from poison.
Wands
 g - a wand of flame (49)
 l - a wand of paralysis (12)
 w - a wand of iceblast (9)
 B - a wand of mindburst (26)
 D - a wand of polymorph (7)
 H - a wand of acid (7)
Scrolls
 d - 9 scrolls of teleportation
 q - 6 scrolls of identify
 E - a scroll of amnesia
 J - 2 scrolls of fear
 P - a scroll of fog
Potions
 c - 11 potions of curing
 f - 2 potions of resistance
 p - 5 potions of haste
 r - 3 potions of brilliance
 t - 2 potions of magic
 x - a potion of berserk rage
 F - 3 potions of might
 G - 2 potions of mutation
 I - 3 potions of lignification
 L - a potion of attraction
 O - a potion of ambrosia {unknown}
Miscellaneous
 N - a phantom mirror


   Skills:
 * Level 13.4 Fighting
 + Level 12.2 Dodging
 - Level 10.4 Unarmed Combat
 - Level 2.0 Spellcasting
 - Level 11.2 Transmutations
 - Level 4.0 Ice Magic
 - Level 4.5 Poison Magic


You had 6 spell levels left.
You knew the following spells:

 Your Spells              Type           Power      Damage    Failure   Level
b - Spider Form           Tmut/Pois      15%        N/A       1%          3
c - Ice Form              Ice/Tmut       30%        N/A       3%          4
d - Wereblood             Tmut           44%        N/A       1%          2

Your spell library contained the following spells:

 Spells                   Type           Power      Damage    Failure   Level
 Beastly Appendage        Tmut           88%        N/A       1%          1
 Magic Dart               Conj           4%         1d3       7%          1
 Call Imp                 Summ           1%         N/A       11%         2
 Static Discharge         Conj/Air       1%         N/A       11%         2
 Mephitic Cloud           Conj/Pois/Air  7%         N/A       11%         3
 Dazzling Flash           Conj/Hex       2%         N/A       21%         3
 Gell's Gravitas          Tloc           0%         N/A       21%         3
 Lesser Beckoning         Tloc           1%         N/A       21%         3
 Teleport Other           Tloc           1%         N/A       21%         3
 Dispel Undead            Necr           1%         3d6       52%         4
 Iskenderun's Mystic Bla  Conj/Tloc      1%         2d3       52%         4
 Leda's Liquefaction      Hex/Erth       0%         N/A       52%         4
 Sticky Flame             Conj/Fire      1%         2d3       52%         4
 Statue Form              Tmut/Erth      15%        N/A       67%         6
 Bolt of Magma            Conj/Fire/Erth 0%         4d4       86%         5
 Dispersal                Tloc           0%         N/A       100%        6
 Starburst                Conj/Fire      0%         6d3       100%        6


Dungeon Overview and Level Annotations

Branches:
Dungeon (11/15)            Temple (1/1) D:7            Lair (2/6) D:11
  Snake (0/4) Lair:2      Ossuary (visited)          Bailey (visited)
Gauntlet (1/1)
  Swamp: Lair:2-4    Shoals: Lair:2-4       Orc: D:9-12

Altars:
Dithmenos
Elyvilon
Fedhas
Hepliaklqana
Nemelex Xobeh
Okawaru
Ru
Sif Muna
Trog
Wu Jian
Zin
The Shining One

Annotations:
D:7 1 exclusion
D:10 exclusion: obsidian statue
Lair:1 exclusions: fire dragon and 2 more exclusions Gauntlet 12 transporters, 21 runed translucent doors


Innate Abilities, Weirdness & Mutations

You are a creature of crystalline ice.
You have a powerful freezing melee attack.
Your maximum health is increased.
Your armour is entirely melded.
You are incapable of wielding weapons or throwing items.
((You are quick and stealthy near water. (Stealth+, EV+, Speed+++)))
((Your lower body shifts to a powerful aquatic tail in water.))


Message History

Your +0 troll leather armour melds into your body.
You open the door.
A minotaur comes into view.
It is wielding a +3 vorpal battleaxe, wearing the +7 plate armour of the Exiled Defenders {rPois}, wearing the ring "Lyosh" {rC++ rN+ Int-2} and quivering silver javelins.
Found a wand of flame (12) and runed fire dragon scales.
Found a plate armour and a large ivory ring.
Found a gate leading back out of this place.
There is an open door here.
The minotaur bellows!
The minotaur drinks a potion.
The minotaur seems to speed up.
The minotaur hits you with a +3 vorpal battleaxe!
You block the minotaur's attack.
Press: ? - help, v - describe, . - travel
Here: a minotaur, wielding a +3 vorpal battleaxe, wearing the +7 plate armour of the Exiled Defenders {rPois}, wearing the ring "Lyosh" {rC++ rN+ Int-2} and quivering silver javelins (fast, umbra)
The floor, spattered with blood.
Unknown command.
You completely miss the minotaur.
The minotaur hits you with a +3 vorpal battleaxe!
The minotaur gores you.
You hit the minotaur but do no damage. The minotaur barely misses you.
The minotaur gores you!
You hit the minotaur but do no damage.
The minotaur hits you with a +3 vorpal battleaxe!!
The minotaur gores you.
You hit the minotaur but do no damage.
The minotaur hits you with a +3 vorpal battleaxe!
The minotaur closely misses you.
The minotaur hits you with a +3 vorpal battleaxe!!
* * * LOW HITPOINT WARNING * * *
x2 The minotaur gores you!
* * * LOW HITPOINT WARNING * * *
You feel much better. The minotaur barely misses you.
The minotaur gores you but does no damage.
Okay, then.
Blink to where?
Press: ? - help, Dir - move target
As you read the scroll of blinking, it crumbles to dust.
The minotaur throws a silver javelin.
The silver javelin pierces through you!
* * * LOW HITPOINT WARNING * * *
The silver sears you!
You die...

##### #8Y8#
#=.[# #8H8#
####[./#
###8.#8ยง8#
#....#...#
#.#..#8.8#
#.#..##'##..#.
#.............#


You could see a minotaur (fast).

Vanquished Creatures
  2 hydras
  Harold (D:10)
  The ghost of semitonal the Nimble, a novice DjCA of Ignis (D:9)
  Nergalle (D:10)
  An obsidian statue (Gauntlet)
  An orc knight (Bailey)
  A deep elf pyromancer (D:11)
  An oklob plant (Gauntlet)
  Joseph (D:8)
  2 cyclopes (D:11)
  2 black mambas
  A guardian serpent (Lair:2)
  3 cane toads
  4 komodo dragons
  2 trolls (D:10)
  A wolf spider simulacrum (Gauntlet)
  A hornet (D:9)
  11 blink frogs
  Sigmund (D:3)
  A centaur simulacrum (Gauntlet)
  A wyvern (Lair:2)
  13 yaks
  A wraith (D:10)
  A vampire (D:11)
  2 steam dragons
  3 acid dragons
  4 water moccasins
  A meliai simulacrum (Gauntlet)
  A black bear (D:7)
  6 orc warriors
  A hornet zombie (D:6)
  A sky beast (D:3)
  2 ogres (D:5)
  5 centaurs
  A necrophage (D:7)
  2 phantoms (D:5)
  2 scorpions
  5 bullfrogs
  A cane toad simulacrum (Gauntlet)
  A water moccasin skeleton (D:7)
  13 killer bees
  5 howler monkeys
  3 centaur zombies
  2 hounds
  2 centaur skeletons
  2 gnoll shamans
  4 orc priests
  Crazy Yiuf (D:7)
  A jelly (D:6)
  Ijyb (D:3)
  2 iguanas
  8 orc wizards
  Natasha (thrice) (D:2)
  A killer bee zombie (D:9)
  8 mummies (Ossuary)
  A howler monkey zombie (D:6)
  10 adders
  12 gnolls
  A white imp (D:7)
  2 adder skeletons (D:4)
  A worm (D:5)
  A dart slug (D:2)
  29 orcs
  6 bats
  2 endoplasms (D:3)
  3 gnoll zombies (Ossuary)
  9 goblins
  5 hobgoblins
  16 kobolds
  2 quokkas
  9 ball pythons
  A hobgoblin zombie (Ossuary)
  2 kobold zombies (Ossuary)
  2 orc zombies (Ossuary)
  A quokka skeleton (D:4)
  3 rats
267 creatures vanquished.

Vanquished Creatures (others)
  3 fungi
3 creatures vanquished.

Grand Total: 270 creatures vanquished

Notes
Turn   | Place    | Note
-------+----------+-------------------------------------------
     0 | D:1      | PentaManta the Merfolk Transmuter began the quest for the
                  | Orb.
     0 | D:1      | Reached XP level 1. HP: 15/15 MP: 3/3
   280 | D:1      | Reached XP level 2. HP: 11/21 MP: 3/5
   829 | D:2      | Reached XP level 3. HP: 22/26 MP: 4/6
   839 | D:2      | Learned a level 3 spell: Spider Form
  1060 | D:2      | Noticed Natasha
  1073 | D:2      | Killed Natasha
  1074 | D:2      | Reached skill level 1 in Poison Magic
  1293 | D:2      | Reached skill level 5 in Transmutations
  1293 | D:2      | Reached XP level 4. HP: 23/32 MP: 5/7
  1439 | D:2      | Noticed Natasha
  1449 | D:2      | Killed Natasha
  2140 | D:2      | Reached XP level 5. HP: 35/37 MP: 6/8
  2459 | D:2      | Noticed Natasha
  2468 | D:2      | Killed Natasha
  2579 | D:2      | Found a faded altar of an unknown god.
  2836 | D:3      | Noticed a sky beast
  2853 | D:3      | Killed a sky beast
  2854 | D:3      | Reached XP level 6. HP: 43/43 MP: 6/9
  2891 | D:3      | Found a sacrificial altar of Ru.
  2960 | D:3      | Found a shadowy altar of Dithmenos.
  2986 | D:3      | Noticed Sigmund
  3027 | D:3      | Killed Sigmund
  3028 | D:3      | Reached XP level 7. HP: 25/48 MP: 7/10
  3346 | D:3      | Noticed Ijyb
  3363 | D:3      | Killed Ijyb
  3706 | D:3      | Found a glowing golden altar of the Shining One.
  3807 | D:4      | Learned a level 4 spell: Ice Form
  3810 | D:4      | Learned a level 2 spell: Wereblood
  4474 | D:4      | Found a white marble altar of Elyvilon.
  4548 | D:4      | Reached skill level 5 in Unarmed Combat
  5269 | D:5      | Entered Level 5 of the Dungeon
  5280 | D:5      | Reached skill level 1 in Ice Magic
  5331 | D:5      | Reached XP level 8. HP: 54/54 MP: 7/11
  6691 | D:6      | Reached XP level 9. HP: 31/59 MP: 9/12
  7402 | D:6      | Found a sparkling altar of Nemelex Xobeh.
  7849 | D:7      | Found a blossoming altar of Fedhas.
  8064 | D:3      | Became a worshipper of Dithmenos the Shadowed
  8218 | D:7      | Found a glowing silver altar of Zin.
  8534 | D:7      | Found a staircase to the Ecumenical Temple.
  8584 | Temple   | Entered the Ecumenical Temple
  8843 | D:7      | Found a runed translucent door.
  8844 | D:7      | Noticed Crazy Yiuf
  9804 | D:7      | Killed Crazy Yiuf
  9985 | D:8      | Found a sand-covered staircase.
  9990 | Ossuary  | Entered an ossuary
 10012 | Ossuary  | Reached skill level 10 in Unarmed Combat
 10012 | Ossuary  | Reached skill level 10 in Transmutations
 10437 | D:8      | Reached * piety under Dithmenos
 10783 | D:8      | Noticed Joseph
 10793 | D:8      | HP: 1/59 [Joseph (8)]
 10801 | D:8      | Killed Joseph
 10802 | D:8      | Reached XP level 10. HP: 15/65 MP: 11/13
 11509 | D:9      | Found an iron altar of Okawaru.
 11605 | D:9      | Found a flagged portal.
 11625 | Bailey   | Entered a bailey
 11902 | Bailey   | Noticed an orc knight
 11921 | Bailey   | Killed an orc knight
 11922 | Bailey   | Reached skill level 3 in Fighting
 12263 | Bailey   | Found an iron altar of Okawaru.
 12303 | D:9      | Reached skill level 5 in Dodging
 12366 | D:9      | Found a hazy altar of Hepliaklqana.
 12389 | D:9      | Reached skill level 4 in Fighting
 12821 | D:9      | Found a runed translucent door.
 12821 | D:9      | Noticed semitonal's ghost (novice DjCA)
 13153 | D:9      | Killed semitonal's ghost
 13154 | D:9      | Reached skill level 5 in Fighting
 13216 | D:10     | Entered Level 10 of the Dungeon
 13293 | D:10     | Reached skill level 6 in Fighting
 13394 | D:10     | Noticed an obsidian statue
 13587 | D:10     | Noticed Harold
 13597 | D:10     | Killed Harold
 13598 | D:10     | Reached skill level 7 in Fighting
 13598 | D:10     | Reached XP level 11. HP: 86/86 MP: 10/14
 13619 | D:10     | Reached skill level 8 in Fighting
 13653 | D:10     | Found an ornate altar of the Wu Jian Council.
 13811 | D:10     | Reached ** piety under Dithmenos
 13908 | D:10     | Noticed Nergalle
 13922 | D:10     | Killed Nergalle
 14084 | D:11     | Noticed a cyclops
 14208 | D:11     | Killed a cyclops
 14209 | D:11     | Reached skill level 9 in Fighting
 14336 | D:11     | Noticed an eight-headed hydra
 14348 | D:11     | Killed an eight-headed hydra
 14590 | D:11     | Reached skill level 10 in Fighting
 14602 | D:11     | Noticed a deep elf pyromancer
 14612 | D:11     | Killed a deep elf pyromancer
 14638 | D:11     | Noticed a cyclops
 14649 | D:11     | Killed a cyclops
 15035 | D:11     | Found a staircase to the Lair.
 15209 | Lair:1   | Entered Level 1 of the Lair of Beasts
 15301 | Lair:1   | Reached skill level 10 in Dodging
 15641 | Lair:1   | Reached skill level 11 in Fighting
 15664 | Lair:1   | Reached XP level 12. HP: 78/100 MP: 15/15
 15927 | Lair:1   | Noticed a fire dragon
 16053 | Lair:2   | Noticed a six-headed hydra
 16081 | Lair:1   | Killed a six-headed hydra
 16184 | Lair:2   | Reached skill level 12 in Fighting
 16332 | Lair:2   | Reached *** piety under Dithmenos
 16370 | Lair:2   | Found a staircase to the Snake Pit.
 16557 | Lair:2   | Reached skill level 13 in Fighting
 16565 | Lair:2   | Found a gate leading to a gauntlet.
 16575 | Gauntlet | Entered a Gauntlet
 16575 | Gauntlet | Found a transporter.
 16588 | Gauntlet | Found a transporter.
 16603 | Gauntlet | Found a transporter.
 16608 | Gauntlet | Found a transporter.
 16623 | Gauntlet | Found a transporter.
 16642 | Gauntlet | Found a transporter.
 16645 | Gauntlet | Noticed a blizzard demon
 16654 | Gauntlet | Found a transporter.
 16658 | Gauntlet | Noticed a balrug
 16662 | Gauntlet | Found a large runed translucent door.
 16663 | Gauntlet | Found a large runed translucent door.
 16663 | Gauntlet | Noticed a hell hog
 16664 | Gauntlet | Found a large runed translucent door.
 16664 | Gauntlet | Found a large runed translucent door.
 16665 | Gauntlet | Found a runed translucent gate.
 16666 | Gauntlet | Found a transporter.
 16666 | Gauntlet | Found a runed translucent gate.
 16667 | Gauntlet | Found a runed translucent gate.
 16668 | Gauntlet | Found a large runed translucent door.
 16668 | Gauntlet | Found a large runed translucent door.
 16669 | Gauntlet | Found a large runed translucent door.
 16670 | Gauntlet | Found a large runed translucent door.
 16675 | Gauntlet | Found a transporter.
 16690 | Gauntlet | Found a transporter.
 16709 | Gauntlet | Found a transporter.
 16724 | Gauntlet | Found a transporter.
 16726 | Gauntlet | Found a transporter.
 16753 | Gauntlet | Found a transporter.
 16773 | Gauntlet | Found a transporter.
 16851 | Gauntlet | Found a transporter.
 16867 | Gauntlet | Found a large runed translucent door.
 16867 | Gauntlet | Found a large runed translucent door.
 16867 | Gauntlet | Found a runed translucent door.
 16867 | Gauntlet | Found a runed translucent door.
 16868 | Gauntlet | Found a large runed translucent door.
 16869 | Gauntlet | Found a large runed translucent door.
 16871 | Gauntlet | Found a transporter.
 16887 | Gauntlet | Found a large runed translucent door.
 16887 | Gauntlet | Found a large runed translucent door.
 16888 | Gauntlet | Found a large runed translucent door.
 16889 | Gauntlet | Found a large runed translucent door.
 16977 | Gauntlet | Found a transporter.
 17048 | Gauntlet | Identified the amulet "Koowafek" {RegenMP rN+ Dex+4}
 17192 | Gauntlet | Identified the ring of Dalys {rPois AC+4 Int+3}
 17235 | Gauntlet | Identified the +8 shortbow of the Warrior {speed, Drain
                  | rN++ Int+5}
 17235 | Gauntlet | Identified the +7 plate armour of the Exiled Defenders
                  | {rPois}
 17235 | Gauntlet | Identified the ring "Lyosh" {rC++ rN+ Int-2}
 17235 | Gauntlet | Noticed a minotaur
 17243 | Gauntlet | HP: 2/126 [minotaur (13)]
 17245 | Gauntlet | Hit by a silver javelin thrown by a minotaur

Illustrated notes

Levels and vault maps discovered:
D:1:      dpeg_arrival_tiny_c, layout_basic
D:2:      layout_loops_ring, ebering_ecumenical_altar_box, minivault_26,
          kennysheep_generic_room_11, uniq_natasha
D:3:      layout_loops_ring, nicolae_tso_swordbearing_angel,
          nicolae_dithmenos_the_darkroom, nicolae_ru_awakened_eye, uniq_ijyb,
          uniq_sigmund
D:4:      layout_loops_corners, elyvilon_altar_3, minmay_manual_mares
D:5:      layout_loops_ring
D:6:      layout_loops_corners, nemelex_spade_bored_becter
D:7:      layout_loops_corners, lemuel_round_altar, zin_treasury,
          minmay_temple_entry_gardened_gates, uniq_crazy_yiuf_cottage
D:8:      layout_basic, enter_ossuary_2, uniq_joseph
D:9:      layout_stronghold, nicolae_overflow_crystal_walls,
          mainiacjoe_overflow_tiny_flanked, hellmonk_ghost_happy_afterlife,
          enter_bailey_3
D:10:     layout_roguey, lemuel_crystal_altar, minivault_16, uniq_nergalle,
          uniq_harold
D:11:     layout_basic, lair_entry_dummy
Temple:   chequers_temple_sunken
Lair:1:   dragon1_lemuel, layout_hall_layers, lemuel_fruit_tree,
          serial_bayou_shore_a, infiniplex_staircase_pool_2
Lair:2:   layout_gridlike, elwin_shoals_entry_stream,
          minmay_snake_entry_spellcaster, gauntlet_entry_generic,
          hellmonk_guarded_unrand_zhor
Gauntlet: gammafunk_gauntlet_one_two_three [gammafunk_gauntlet_arena_split_x,
          gammafunk_gauntlet_arena_grid, gammafunk_gauntlet_arena_mazey,
          gammafunk_gauntlet_arena_open, gammafunk_gauntlet_arena_teeth,
          nicolae_gauntlet_arena_x, minmay_gauntlet_arena_make_your_own_arena,
          gammafunk_gauntlet_arena_spirals, gammafunk_gauntlet_arena_crates,
          nicolae_gauntlet_exit_dead_adventurers]

Skill      XL: |  1  2  3  4  5  6  7  8  9 10 11 12 |
---------------+-------------------------------------+-----
Transmutations | 3 4 5 6 7 8 11 | 11.2
Poison Magic   | 1 3 4 |  4.5
Unarmed Combat | 4 6 8 10 | 10.4
Ice Magic      | 1 4 |  4.0
Dodging        | 7 10 12 | 12.2
Fighting       | 7 11 13 | 13.4
Spellcasting   | |  2.0

Action                   |  1- 3 |  4- 6 |  7- 9 | 10-12 || total
-------------------------+-------+-------+-------+-------++-------
Melee: Unarmed           |    75 |    93 |   394 |   481 ||  1043
       Headbutt          |     8 |    12 |     2 |       ||    22
       Punch             |       |       |     3 |       ||     3
Throw: Boomerang         |       |       |       |    19 ||    19
       Dart              |       |       |       |     4 ||     4
 Cast: Beastly Appendage |    14 |    16 |     5 |       ||    35
       Spider Form       |       |     3 |    52 |    42 ||    97
       Ice Form          |       |       |     1 |    17 ||    18
Evoke: Wand              |       |       |       |     8 ||     8
  Use: Scroll            |       |     3 |    11 |     8 ||    22
       Potion            |       |     3 |     1 |     3 ||     7
 Stab: Distracted        |       |       |     1 |     1 ||     2
       Sleeping          |       |       |     1 |       ||     1
Armor: Robe              |     4 |       |       |       ||     4
       Leather armour    |    14 |       |    15 |     1 ||    30
       Ring mail         |     4 |    20 |       |       ||    24
       Skin              |       |     6 |    12 |    49 ||    67
Dodge: Dodged            |    61 |    71 |   225 |   452 ||   809
Block: Other             |       |     1 |    80 |    57 ||   138
       Reflection        |       |       |     2 |     5 ||     7

Table legend: (Time is in decaauts)
 A = Elapsed time spent in this place.
 B = Non-inter-level travel time spent in this place.
 C = Inter-level travel time spent in this place.
 D = Time resting spent in this place.
 E = Time spent auto-exploring this place.
 F = Levels seen in this place.
 G = Mean time per level.
                   A        B        C        D        E       F      G
               +--------+--------+--------+--------+--------+-----+--------+
         Total |  17089 |  16496 |    593 |   3046 |  10009 |  17 | 1005.2 |
       Dungeon |  14058 |  13529 |    529 |   2320 |   9084 |  11 | 1278.0 |
        Temple |      1 |      1 |      0 |      0 |      0 |   1 |    1.0 |
          Lair |   1333 |   1269 |     64 |    283 |    409 |   2 |  666.5 |
       Ossuary |    375 |    375 |      0 |     11 |    229 |   1 |  375.0 |
        Bailey |    660 |    660 |      0 |    393 |      0 |   1 |  660.0 |
      Gauntlet |    659 |    659 |      0 |     39 |    286 |   1 |  659.0 |
               +--------+--------+--------+--------+--------+-----+--------+

Top non-repeatable levels by time:
     D:2: 1935 daAuts
     D:7: 1743 daAuts
     D:4: 1584 daAuts
     D:6: 1443 daAuts
     D:5: 1303 daAuts
     D:3: 1154 daAuts
     D:8: 1152 daAuts
     D:9: 1050 daAuts
    D:10: 994 daAuts
    D:11: 969 daAuts
  Lair:1: 938 daAuts
     D:1: 725 daAuts
  Bailey: 660 daAuts
Gauntlet: 659 daAuts
  Lair:2: 395 daAuts
